 Dungeon Crawl Stone Soup version 0.25.0-9-g26727b657a (webtiles) character file.

Game seed: 8487686399946741955

148 mortelune the Ducker (level 5, -13/32 HPs)
             Began as a Deep Elf Chaos Knight on June 18, 2020.
             Was a Plaything of Xom.
             Engulfed by a cloud of negative energy (14 damage)
             ... on level 3 of the Dungeon.
             The game lasted 00:04:25 (2752 turns).

mortelune the Ducker (Deep Elf Chaos Knight)        Turns: 2752, Time: 00:04:25

Health: -13/32     AC:  9    Str: 10    XL:     5   Next: 8%
Magic:  7/7        EV:  6    Int: 17    God:    Xom [...*..]
Gold:   61         SH:  0    Dex: 12    Spells: 4/4 levels left

rFire    . . .     SeeInvis .   a - +0 falchion (chaos)
rCold    . . .     Gourm    .   d - +2 kite shield {AC+3}
rNeg     . . .     Faith    .   f - +0 scale mail
rPois    .         Spirit   .   (no helmet)
rElec    .         Reflect  .   (no cloak)
rCorr    .         Harm     .   (no gloves)
MR       .....                  (no boots)
Stlth    ..........             (no amulet)
HPRegen  0.10/turn              (no ring)
MPRegen  0.10/turn              (no ring)

@: confused, drained
A: clumsy 1
a: Renounce Religion


You were on level 3 of the Dungeon.
You worshipped Xom.
You were a favourite toy of Xom.
You were not hungry.

You visited 1 branch of the dungeon, and saw 3 of its levels.

You collected 61 gold pieces.

Inventory:

Hand Weapons
 a - a +0 falchion of chaos (weapon)
Missiles
 Q - 18 stones (quivered)
Armour
 b - a +2 leather armour
 d - a +2 kite shield of protection (worn)
 f - a +0 scale mail (worn)
Scrolls
 e - a scroll of teleportation {unknown}
 g - a scroll of blinking {unknown}
 h - a scroll of identify {unknown}
 j - a scroll of amnesia {unknown}
 k - a scroll of noise {unknown}
 p - a scroll of immolation {unknown}
Potions
 i - 2 potions of heal wounds {unknown}
 l - a potion of resistance {unknown}
 m - a potion of cancellation {unknown}
 n - a potion of haste {unknown}
 o - a potion of flight {unknown}
Comestibles
 c - 2 rations
 q - 2 chunks of flesh


   Skills:
 + Level 3.3(2.5) Fighting
 + Level 3.7(2.9) Long Blades
 - Level 0.7(0.0) Armour
 + Level 4.1(3.2) Dodging


You had 4 spell levels left.
You didn't know any spells.
Your spell library was empty.

Dungeon Overview and Level Annotations

Branches:
Dungeon (3/15)

Altars:
Sif Muna


Innate Abilities, Weirdness & Mutations

You are clumsy. (Dex -2)


Message History

r - Retreat! s - Stop attacking. g - Guard the area. f - Follow me.
Anything else - Cancel.
Gang up on whom?
Press: ? - help, Dir - move target cursor, f - orc
Aim: an orc, wielding a +0 trident and wearing a +0 leather armour Attack!
You see here a +0 club.
Xom titters.
You are confused.
You are now a favourite toy of Xom.
You are engulfed in negative energy.
You feel drained.
You die...
Xom is feeling generous.
Xom revives you! The orc hits you but does no damage.
You see here a +0 club.
You bump into the rock wall.
You are engulfed in negative energy.
You feel drained.
You die...
Xom titters!

.. #.# ########.#####.#.....#.#
... #.#
#........#####.#........ ....
#.# #.#####........#.###.###
....##.###.##.......#####)###.#
..............##..#.# #.....##
.......###.##.##..#.# ####...#
%.......##.......#..# #...#
#.##.##.#####.##○.#.# #..... #
#. #.....#.##@##.########[..##
.. #o....#...°......#........
.# #.....####o###.............
..
###.....##..)..#3..#.........
#.
.........##.#°#.......###...##
#####.......#.#..#.##.#
##.##.#..#.#..#.##.#
#..............§##.#
###..###...#.#..####.#


You could see an orc.

Vanquished Creatures
  An orc wizard (D:3)
  4 adders
  A worm (D:2)
  A dart slug (D:2)
  2 leopard geckos (D:1)
  2 orcs (D:3)
  6 bats
  3 giant cockroaches
  8 goblins
  5 hobgoblins
  8 jackals
  A ball python (D:2)
  5 frilled lizards
  12 kobolds
  10 rats
69 creatures vanquished.

Vanquished Creatures (collateral kills)
  An adder (D:3)
  An orc (D:3)
2 creatures vanquished.

Vanquished Creatures (others)
  A hobgoblin (D:2)
1 creature vanquished.

Grand Total: 72 creatures vanquished

Notes
Turn   | Place    | Note
-------+----------+-------------------------------------------
     0 | D:1      | mortelune the Deep Elf Chaos Knight began the quest for the
                  | Orb.
     0 | D:1      | Reached XP level 1. HP: 13/13 MP: 3/3
    65 | D:1      | XOM: silly message
    90 | D:1      | Reached XP level 2. HP: 14/18 MP: 4/4
   465 | D:1      | XOM: butterfly on damage
   476 | D:1      | Reached skill level 3 in Dodging
   540 | D:1      | XOM: divination: detect creatures
   819 | D:1      | XOM: 4-stop teleportation journey
   845 | D:1      | Reached XP level 3. HP: 16/22 MP: 5/5
  1244 | D:2      | XOM: stealth player
  1266 | D:2      | XOM: butterfly on damage
  1845 | D:2      | XOM: draining
  2030 | D:2      | Reached XP level 4. HP: 28/28 MP: 6/6
  2142 | D:2      | Found a shimmering blue altar of Sif Muna.
  2370 | D:2      | XOM: give mutation
  2370 | D:2      | Gained mutation: You are clumsy. (Dex -2) [Xom's mischief]
  2668 | D:3      | XOM: cloud trail
  2682 | D:3      | Reached skill level 4 in Dodging
  2682 | D:3      | Reached XP level 5. HP: 29/32 MP: 7/7
  2706 | D:3      | XOM: summons 5 friendly demons
  2719 | D:3      | XOM: god gift: 18 stones
  2750 | D:3      | XOM: confusion
  2751 | D:3      | Xom revived you
  2752 | D:3      | Engulfed by a cloud of negative energy

Illustrated notes

Levels and vault maps discovered:
D:1:      psy_arrival_terrarium, layout_basic, serial_forest,
          infiniplex_forest_clump_tiny, infiniplex_forest_zigzag_2,
          infiniplex_forest_lined_3_way, infiniplex_forest_lined_1,
          infiniplex_forest_corner_1, infiniplex_forest_zigzag_1,
          infiniplex_forest_clump_medium, infiniplex_forest_zigzag_2
D:2:      layout_basic, old_standard_altar
D:3:      layout_loops_cross

Skill      XL: |  1  2  3  4 |
---------------+-------------+-----
Long Blades    | 3 |  3.7
Dodging        | 3 4 |  4.1
Fighting       | 3 |  3.3
Armour         | |  0.7

Action                   |  1- 3 |  4- 6 || total
-------------------------+-------+-------++-------
Melee: Falchion          |   164 |    72 ||   236
 Stab: Petrified         |       |     5 ||     5
  Eat: Chunk             |     4 |     2 ||     6
Armor: Leather armour    |    12 |       ||    12
       Scale mail        |    75 |    43 ||   118
Dodge: Dodged            |    94 |    20 ||   114
Block: Kite shield       |    55 |    40 ||    95
       Rpst.: Falchion   |    21 |     7 ||    28
